cohdb
Replays
Latest Replays
All Replays
Popular Replays
Top Player Replays
Match Explorer
How It Works
Community
CoH3 Stats
Reddit
Sign in to upload your games and track your stats! →
Sign in with Steam
Match 43777765
Unlisted
Match 43777765
Overview
Messages
Build Orders
End
Kradschützen Motorcycle Team
Selects Panzerjäger Kommand Battlegroup
Selects Mine Fields
Panzergrenadier Squad
Panzergrenadier Squad
Construct Light Support Kompanie
Selects Tank Busters
Fire Support Elements
Assault Grenadier Squad
2.5-tonne Medical Truck
le.IG 18 Mechanized Group
Flakvierling Half-track
Panzerjäger Squad
Selects Defensive Positions
Veteran Squad Leaders
Construct Panzerarmee Kommand
Selects Butterfly Bomb Drop
Butterfly Bomb Drop
Selects Crew Shock Tactics
Panzer III L Medium Tank
Emergency Repair Kits
Armored Reserves
Flak 36 Anti-tank Gun Team
Panzer IV Assault Group
Butterfly Bomb Drop
Selects Elefant Tank Destroyer
Selects Elefant Tank Destroyer
Tiger Heavy Tank
Butterfly Bomb Drop
Butterfly Bomb Drop
Vehicle Survival Package
Butterfly Bomb Drop
Elefant Tank Destroyer
Butterfly Bomb Drop
Butterfly Bomb Drop
Tiger Heavy Tank
Butterfly Bomb Drop
Construct Mechanized Kompanie
18-tonne Recovery Half-track
Qizzi
JODLASTY
winback
Retzbocher Klaus
Lilfuture
jota barba 7
0
0
Comments
sign in to comment!
No comments posted yet!